 Dungeon Crawl Stone Soup version 0.32-a0-918-g0f22ef8d61 (webtiles) character file.

Game seed: 5228601211722893186

93235 pokedragonboy the Protected (level 15, -1/122 HPs)
             Began as a Demonspawn Fighter on Apr 11, 2024.
             Was a High Priest of Jiyva.
             Killed by divine providence
             ... invoked by an orc priest
              (14 damage)
             ... on level 2 of the Orcish Mines.
             The game lasted 00:57:35 (28710 turns).

pokedragonboy the Protected (Demonspawn Fighter)   Turns: 28710, Time: 00:57:35

Health: -1/122     AC: 22    Str: 26    XL:     15   Next: 60%
Magic:  22/22      EV: 12    Int: 11    God:    Jiyva [*****.]
Gold:   3398       SH:  0    Dex: 19    Spells: 14/14 levels left

rFire   + . .        a - +10 executioner's axe of Yeast {flame, Str+4 Dex+2}
rCold   . . .        (shield currently unavailable)
rNeg    + . .        K - +0 plate armour
rPois   +            (helmet restricted)
rElec   .            J - +3 cloak of the Kettle-Drum {rPois Dex+3}
rCorr   +            Z - +0 pair of gloves of Winter {+Blink rF+ rN+ Stlth+}
SInv    .            (boots unavailable)
Will    +....        E - amulet of faith Stlth
                     c - +4 ring of slaying
HPRegen 1.84/turn    R - ring "Jaklecwu" {Fly EV+5 Int-2 Dex+2 Slay+2}
MPRegen 0.90/turn

%: faith
@: confused, ambrosia-drunk, corroded, calling ooze, flying
A: horns 2, yellow scales 3, icemail 1, condensation shield, demonic magic 3,
talons 3, clever 1, pseudopods 3, translucent skin 1
a: Renounce Religion, Evoke Blink, Oozemancy, Slimify


You were on level 2 of the Orcish Mines.
You worshipped Jiyva.
Jiyva was extremely pleased with you.
You visited 4 branches of the dungeon, and saw 23 of its levels.
You also visited: Sewer and Gauntlet.

You collected 3398 gold pieces.

Inventory:

Hand Weapons
 a - the +10 executioner's axe of Yeast (weapon) {flame, Str+4 Dex+2}
   (Okawaru gifted it to you on level 12 of the Dungeon)

   Str+4:     It affects your strength (+4).
   Dex+2:     It affects your dexterity (+2).
 b - a +2 glaive of protection
Armour
 o - a scarf of repulsion
 u - a +0 pair of boots
 J - the +3 cloak of the Kettle-Drum (worn) {rPois Dex+3}
   (You found it on level 7 of the Dungeon)

   Dex+3:     It affects your dexterity (+3).
   rPois:     It protects you from poison.
 K - a +0 plate armour (worn)
 P - +0 fire dragon scales
 Z - the +0 pair of gloves of Winter (worn) {+Blink rF+ rN+ Stlth+}
   (Okawaru gifted it to you on level 12 of the Dungeon)

   rF+:       It protects you from fire.
   rN+:       It protects you from negative energy.
   +Blink:    It lets you blink.
   Stlth+:    It makes you more stealthy.
Jewellery
 c - a +4 ring of slaying (left hand)
 l - an amulet of guardian spirit
 p - a ring of poison resistance
 q - a ring of see invisible
 E - an amulet of faith (around neck)
 F - a ring of protection from fire
 R - the ring "Jaklecwu" (right hand) {Fly EV+5 Int-2 Dex+2 Slay+2}
   (You acquired it on level 4 of the Lair of Beasts)

   [ring of evasion]

   EV+5:      It affects your evasion (+5).
   Int-2:     It affects your intelligence (-2).
   Dex+2:     It affects your dexterity (+2).
   Slay+2:    It affects your accuracy & damage with ranged weapons and melee
   (+2).
   Fly:       It grants you flight.
Wands
 y - a wand of roots (24)
 D - a wand of flame (12) (quivered)
 M - a wand of acid (12)
 N - a wand of charming (17)
Scrolls
 e - 2 scrolls of vulnerability
 g - 4 scrolls of noise
 i - a scroll of fear {unknown}
 j - a scroll of blinking
 k - 2 scrolls of torment
 m - a scroll of silence {unknown}
 n - 2 scrolls of enchant armour
 r - a scroll of butterflies
 s - 2 scrolls of revelation
 t - 5 scrolls of amnesia
 w - 4 scrolls of brand weapon
 C - 6 scrolls of teleportation
 O - a scroll of enchant weapon
 T - a scroll of fog {unknown}
Potions
 d - 3 potions of resistance
 f - a potion of attraction
 h - 4 potions of curing
 v - 3 potions of brilliance
 x - 2 potions of magic
 z - 2 potions of haste
 A - 3 potions of cancellation
 B - 2 potions of invisibility
 G - 4 potions of enlightenment
 I - a potion of mutation {unknown}
 L - a potion of ambrosia
 V - 4 potions of might
 W - a potion of lignification {unknown}
Miscellaneous
 U - a phial of floods


   Skills:
 + Level 12.7 Fighting
 * Level 10.7(13.4) Axes
 - Level 13.0(14.5) Polearms
 * Level 14.8 Armour
 - Level 2.6 Shields
 + Level 5.4 Necromancy
 - Level 10.0 Invocations
 - Level 3.0 Evocations


You had 14 spell levels left.
You didn't know any spells.
Your spell library contained the following spells:

 Spells                   Type           Power      Damage    Failure   Level
 Kiss of Death            Conj/Necr      24%        2d7       63%         1
 Cigotuvi's Dreadful Rot  Necr/Alch/Air  8%         N/A       87%         2
 Magic Dart               Conj           0%         1d3       94%         1
 Shock                    Conj/Air       0%         1d3       94%         1
 Sting                    Conj/Alch      0%         1d3       94%         1
 Dispel Undead            Necr           12%        3d9       95%         4
 Lesser Beckoning         Tloc           0%         N/A       98%         2
 Mercury Vapours          Alch/Air       0%         N/A       98%         2
 Inner Flame              Hex/Fire       0%         N/A       100%        3
 Maxwell's Portable Pile  Tloc           0%         2d(5-13)  100%        3
 Passwall                 Erth           0%         N/A       100%        3
 Summon Ice Beast         Ice/Summ       0%         N/A       100%        3
 Teleport Other           Tloc           0%         N/A       100%        3
 Volatile Blastmotes      Fire/Tloc      0%         2d10      100%        3
 Anguish                  Hex/Necr       3%         N/A       100%        4
 Cause Fear               Hex            0%         N/A       100%        4
 Flame Wave               Conj/Fire      0%         2d4       100%        4
 Fulminant Prism          Conj/Alch      0%         3d5       100%        4
 Iskenderun's Mystic Bla Conj/Tloc 0%             2d3        (+2d1     100%        4
 Leda's Liquefaction      Alch/Erth      0%         N/A       100%        4
 Martyr's Knell           Necr/Summ      6%         N/A       100%        4
 Olgreb's Toxic Radiance  Alch           0%         N/A       100%        4
 Petrify                  Alch/Erth      0%         N/A       100%        4
 Sticky Flame             Fire/Alch      0%         2d4       100%        4
 Vhi's Electric Charge    Tloc/Air       0%         N/A       100%        4
 Fireball                 Conj/Fire      0%         3d3       100%        5
 Metabolic Englaciation   Hex/Ice        0%         N/A       100%        5
 Summon Mana Viper        Hex/Summ       0%         N/A       100%        5
 Bombard                  Conj/Erth      0%         9d1       100%        6
 Enfeeble                 Hex            0%         N/A       100%        7
 Haunt                    Necr/Summ      3%         N/A       100%        7
 Monstrous Menagerie      Summ           0%         N/A       100%        7
 Borgnjor's Revivificati  Necr           6%         N/A       100%        8
 Death's Door             Necr           6%         N/A       100%        9


Dungeon Overview and Level Annotations

Branches:
Dungeon (15/15)            Temple (1/1) D:5            Lair (5/5) D:9
  Swamp (0/4) Lair:3        Snake (0/4) Lair:2        Slime (0/5) Lair:4
    Orc (2/2) D:9             Elf (0/3) Orc:2        Vaults (0/5) D:13
 Depths (0/4) D:15          Sewer (visited)         Gauntlet (visited)

Altars:
Ashenzari
Cheibriados
Dithmenos
Fedhas
Gozag
Hepliaklqana
Kikubaaqudgha
Makhleb
Nemelex Xobeh
Okawaru
Qazlal
Ru
Sif Muna
Trog
Uskayaw
Vehumet
Wu Jian
Xom
Yredelemnul
Jiyva

Shops:
D:3 (:*(   D:9 ([

Portals:
Trove: D:12 (give +5 demon whip)

Annotations:
Temple 2 transporters


Innate Abilities, Weirdness & Mutations

You have a pair of horns on your head.
You are completely covered in yellow scales. (AC +4, rCorr)
A meltable icy envelope protects you from harm. (AC +4)
A meltable shield of frost defends you. (SH +4)
Spells you cast and wands you use may paralyse nearby enemies.
You have claws for feet.
Your mind is acute. (Int +4, Str/Dex -1)
Armour fits poorly on your massive pseudopods.
Your translucent skin slightly reduces your foes' accuracy. (Stealth+)


Message History

The orc knight hits you with a +0 great mace!!
* * * LOW HITPOINT WARNING * * *
The wall burns something!
The wall burns the rust devil!
The rust devil hits you.
* * * LOW HITPOINT WARNING * * *
The rust devil corrodes you!
Unknown command.
You closely miss the orc knight. Your bludgeon misses the orc knight.
The orc knight is lightly wounded.
You slash the orc sorcerer! You burn the orc sorcerer.
You kill the orc sorcerer!
You closely miss the rust devil. You barely miss the orc knight.
The rust devil is asphyxiated!
The orc priest no longer looks unusually strong.
Your quicksilver ooze hits the rust devil!
The rust devil dies!
The rust devil disappears in a puff of smoke!
The orc high priest hits you but does no damage.
The orc sorcerer gestures wildly while chanting.
Send 'em back where they came from!
Your quicksilver ooze dissolves into a puddle of slime!
The wall burns something!
Reactivating autopickup.
You feel a bit more experienced.
The wall burns the orc high priest!
The walls burn the orc knight!
The orc knight hits you with a +0 long sword.
* * * LOW HITPOINT WARNING * * *
The wall burns the orc knight!
You are too confused!
You carve the orc knight like a ham!!! You burn the orc knight!
Your kick misses the orc knight.
The orc knight is almost dead.
You barely miss the orc knight.
The orc priest invokes the aid of Beogh against you.
Beogh smites you!
* * * LOW HITPOINT WARNING * * *
The orc priest invokes the aid of Beogh against you.
Beogh smites you!
You die...
Jiyva sends a jelly to digest your remains.

.. ##.#...#....
.#.#........
.............
#.#..........
######...........
###...##......#....
##..)...##....###...
###.))o)...##...##....
#..oo@##.)..#....#....
#..o.####...##..#.....
#...oO #....#..#.....
#÷.÷÷.o ##.....#.#....
#..o... #....#.......
#....§.
###..........#.
#.....÷
#.#.....))).##.
#...÷..
#.#.....)).....
##........).)...


You could see 2 orc knights, 2 orc high priests, an ogre mage, an orc sorcerer
(strong) and 2 orc priests.

Vanquished Creatures
  Jorgrun (D:15)
  A titan (D:14)
  Gastronok (Lair:3)
  Frances (D:12)
  The ghost of Sugi the Slayer, a journeyman MiFi of Xom (Lair:4)
  A reaper (Gauntlet)
  An ironbound preserver (D:13)
  A stone giant (D:14)
  A minotaur (Gauntlet)
  Snorg (D:13)
  2 fire dragons (D:15)
  The ghost of D0namaru the Fighter, a journeyman DsNe of Kikubaaqudgha (D:11)
  11 hydras
  Harold (D:9)
  8 centaur warriors
  4 catoblepae
  9 death yaks
  3 boulder beetles
  7 two-headed ogres
  A hell hog (Gauntlet)
  An orc high priest (Orc:2)
  2 tengu warriors (D:14)
  Urug (Orc:2)
  Sonja (Lair:4)
  Lodul (D:12)
  2 bog bodies (Lair:3)
  2 orc knights (Orc:2)
  A lindwurm (Lair:5)
  Pikel (D:6)
  A harpy (shapeshifter) (D:13)
  A deep elf pyromancer (D:12)
  7 ugly things
  7 manticores
  An orc sorcerer (Orc:2)
  5 cyclopes
  6 elephants
  Joseph (D:9)
  13 black mambas
  6 cane toads
  A gargoyle (D:13)
  5 unseen horrors
  5 rime drakes
  7 komodo dragons
  A tengu conjurer (D:13)
  5 yaktaurs (D:15)
  A freezing wraith (D:14)
  A polar bear (shapeshifter) (D:13)
  A hellwing (Gauntlet)
  3 trolls
  A wolf spider simulacrum (D:15)
  3 polar bears
  12 blink frogs
  2 dream sheep (Lair:3)
  2 hornets
  Grinder (D:4)
  A centaur simulacrum (D:14)
  50 yaks
  A wyvern (D:7)
  7 wraiths
  3 shadows
  6 basilisks
  Grum (D:8)
  6 wargs
  2 fire bats (Gauntlet)
  2 steam dragons
  10 vampire mosquitoes
  Edmund (D:6)
  2 acid dragons
  Duvessa (D:7)
  21 water moccasins
  3 hell hounds (Gauntlet)
  19 orc warriors
  3 sky beasts
  4 ice beasts
  3 black bears
  2 laughing skulls (D:12)
  12 ogres
  4 wolves
  11 centaurs
  A lemure (D:6)
  A phantom (D:5)
  7 kobold brigands
  2 brain worms (Sewer)
  9 bullfrogs
  A wyvern zombie (D:7)
  A scorpion (D:4)
  A water moccasin zombie (D:7)
  A burial acolyte (D:7)
  14 wights
  Dowan (D:7)
  11 killer bees
  6 howler monkeys
  An electric eel (Lair:1)
  A bombardier beetle (D:7)
  4 centaur zombies (D:7)
  A human zombie (D:7)
  A centaur skeleton (D:7)
  2 hounds
  3 jellies
  A gnoll bouda (D:5)
  19 orc priests
  A sleepcap (D:5)
  4 iguanas
  25 orc wizards
  5 hell rats (Lair:1)
  6 adders
  9 gnolls
  A river rat (Sewer)
  3 shadow imps
  2 white imps
  2 ufetubi (D:7)
  A dart slug (D:1)
  2 ribbon worms
  84 orcs
  8 endoplasms
  4 giant cockroaches
  9 goblins
  3 hobgoblins
  14 jackals
  5 quokkas
  7 ball pythons
  4 bats
  8 frilled lizards
  31 kobolds
  4 rats
674 creatures vanquished.

Vanquished Creatures (others)
  An acid dragon (D:14)
  21 jellies
  An orc (D:7)
23 creatures vanquished.

Grand Total: 697 creatures vanquished

Notes
Turn   | Place    | Note
-------+----------+-------------------------------------------
     0 | D:1      | pokedragonboy the Demonspawn Fighter began the quest for
                  | the Orb.
     0 | D:1      | Reached XP level 1. HP: 18/18 MP: 1/1
    82 | D:1      | You fall into a shaft and drop 1 floor!
    82 | D:2      | Found a faded altar of an unknown god.
   251 | D:1      | Gained mutation: Spells you cast may paralyse adjacent
                  | enemies. [demonic ancestry]
   251 | D:1      | Reached XP level 2. HP: 11/24 MP: 2/2
  1083 | D:2      | Reached skill level 3 in Armour
  1176 | D:2      | Reached XP level 3. HP: 29/29 MP: 3/3
  1613 | D:3      | Found Peatyaxa's Weapon Emporium.
  1881 | D:3      | Found Ijatim's Assorted Antiques.
  1976 | D:3      | Found Qoujis's Antique Weapon Boutique.
  2000 | D:3      | Reached XP level 4. HP: 10/36 MP: 4/4
  2298 | D:3      | Found Mikaruhu's Book Shoppe.
  2750 | D:4      | Gained mutation: You are partially covered in yellow
                  | scales. (AC +2) [demonic ancestry]
  2750 | D:4      | Reached XP level 5. HP: 31/42 MP: 5/5
  2842 | D:4      | Noticed an ogre
  2852 | D:4      | Killed an ogre
  2853 | D:4      | Reached skill level 1 in Necromancy
  2994 | D:4      | Gained mutation: You have a pair of small horns on your
                  | head. [demonic ancestry]
  2994 | D:4      | Reached XP level 6. HP: 38/48 MP: 6/6
  3128 | D:4      | Noticed Grinder
  3138 | D:4      | Paralysed by Grinder for 2 turns
  3140 | D:4      | Killed Grinder
  3141 | D:4      | Reached skill level 4 in Armour
  3499 | D:5      | Entered Level 5 of the Dungeon
  3593 | D:5      | Found a staircase to the Ecumenical Temple.
  3606 | Temple   | Found a transporter.
  3606 | Temple   | Found a transporter.
  3606 | Temple   | Found a transporter.
  3606 | Temple   | Found a transporter.
  3606 | Temple   | Entered the Ecumenical Temple
  3608 | Temple   | Gained mutation: Spells you cast may paralyse nearby
                  | enemies. [demonic ancestry]
  3608 | Temple   | Reached XP level 7. HP: 55/55 MP: 7/7
  3631 | Temple   | Became a worshipper of Warmaster Okawaru
  3663 | D:5      | Reached skill level 5 in Axes
  3976 | D:5      | Reached skill level 1 in Invocations
  4005 | D:5      | Found a glowing drain.
  4010 | Sewer    | Entered a sewer
  4265 | Sewer    | Reached * piety under Okawaru
  4273 | Sewer    | HP: 2/55 [brain worm/psychic fangs (7)]
  4493 | Sewer    | Reached skill level 5 in Fighting
  4580 | Sewer    | Reached XP level 8. HP: 54/62 MP: 10/10
  4989 | D:5      | Found a basalt altar of Yredelemnul.
  5173 | D:5      | Reached skill level 5 in Armour
  5442 | D:5      | Found a snail-covered altar of Cheibriados.
  5444 | D:5      | Found a shimmering blue altar of Sif Muna.
  5692 | D:6      | Reached ** piety under Okawaru
  5794 | D:6      | Noticed Pikel
  5800 | D:6      | Killed Pikel
  5801 | D:6      | Reached skill level 5 in Invocations
  5801 | D:6      | Gained mutation: You are mostly covered in yellow scales.
                  | (AC +3) [demonic ancestry]
  5801 | D:6      | Reached XP level 9. HP: 56/69 MP: 12/12
  5806 | D:6      | Noticed Edmund
  5816 | D:6      | Killed Edmund
  5816 | D:6      | Reached *** piety under Okawaru
  6246 | D:6      | Reached skill level 6 in Armour
  6339 | D:6      | Reached skill level 1 in Polearms
  6354 | D:6      | Found an opulent altar of Gozag.
  6643 | D:7      | Noticed Dowan
  6644 | D:7      | Noticed Duvessa
  6660 | D:7      | Killed Duvessa
  6661 | D:7      | Killed Dowan
  6728 | D:7      | Reached **** piety under Okawaru
  6968 | D:7      | Found an ancient bone altar of Kikubaaqudgha.
  7082 | D:7      | Reached XP level 10. HP: 79/79 MP: 13/13
  7364 | D:7      | Found a broken altar of Ashenzari.
  7395 | D:7      | Found an ornate altar of the Wu Jian Council.
  7432 | D:7      | Reached ***** piety under Okawaru
  8202 | D:7      | Received a gift from Okawaru
  8237 | D:7      | Identified the +3 cloak of the Kettle-Drum {rPois Dex+3}
  8774 | D:8      | Reached skill level 7 in Armour
  9172 | D:8      | Noticed Grum
  9196 | D:8      | Killed Grum
  9197 | D:8      | Reached skill level 5 in Polearms
  9834 | D:9      | Noticed a +0 spear
  9835 | D:9      | Noticed a +0 dagger
  9835 | D:9      | Noticed a +0 short sword
  9835 | D:9      | Noticed a +0 spear
  9836 | D:9      | Noticed a +0 dagger
  9836 | D:9      | Noticed a +0 short sword
  9837 | D:9      | Noticed a +0 falchion
  9838 | D:9      | Noticed a +0 falchion
  9845 | D:9      | Found a hide-covered altar of Uskayaw.
  9896 | D:9      | Noticed Harold
  9913 | D:9      | Killed Harold
 10119 | D:9      | Found Qimeudes's Armour Shop.
 10120 | D:9      | Found a staircase to the Orcish Mines.
 10135 | D:9      | Found Kerhiwk's Weapon Shop.
 10193 | D:9      | Gained mutation: A meltable shield of frost defends you.
                  | (SH +4) [demonic ancestry]
 10193 | D:9      | Reached XP level 11. HP: 33/87 MP: 4/15
 10404 | D:9      | Reached skill level 8 in Armour
 10423 | D:9      | Noticed a two-headed ogre
 10433 | D:9      | Killed a two-headed ogre
 10464 | D:9      | Found a staircase to the Lair.
 11015 | D:9      | Noticed Joseph
 11024 | D:9      | Killed Joseph
 11186 | D:10     | Entered Level 10 of the Dungeon
 11224 | D:10     | Found a hazy altar of Hepliaklqana.
 11366 | D:10     | Found a radiant altar of Vehumet.
 11425 | D:10     | Identified the +2 rapier "Jotokiz" {heavy, Int+4}
 11657 | D:10     | Noticed a two-headed ogre
 11667 | D:10     | Killed a two-headed ogre
 12191 | Lair:1   | Entered Level 1 of the Lair of Beasts
 12247 | Lair:1   | Reached skill level 9 in Armour
 12591 | Lair:1   | Received a gift from Okawaru
 13095 | Lair:1   | Gained mutation: You are completely covered in yellow
                  | scales. (AC +4, rCorr) [demonic ancestry]
 13095 | Lair:1   | Reached XP level 12. HP: 22/95 MP: 2/17
 13628 | Lair:1   | Noticed a four-headed hydra
 13867 | Lair:2   | Found a staircase to the Snake Pit.
 13877 | Lair:2   | Received a gift from Okawaru
 14305 | Lair:2   | Noticed a five-headed hydra
 14313 | Lair:2   | Killed a six-headed hydra
 14314 | Lair:2   | Reached skill level 10 in Armour
 14356 | Lair:2   | Found a gate leading to a gauntlet.
 14369 | Gauntlet | Entered a Gauntlet
 14369 | Gauntlet | Found a transporter.
 14378 | Gauntlet | Noticed a dire elephant
 14399 | Gauntlet | Noticed a reaper
 14641 | Gauntlet | Noticed a blizzard demon
 14642 | Gauntlet | Found a transporter.
 14658 | Gauntlet | Found a transporter.
 14662 | Gauntlet | Found a transporter.
 14672 | Gauntlet | Found the +2 pair of slick slippers {slick, slippery, EV+4}
 14674 | Gauntlet | Found a transporter.
 14677 | Gauntlet | Noticed a dire elephant
 14689 | Gauntlet | Noticed a hell hog
 14692 | Gauntlet | Found a transporter.
 14695 | Gauntlet | Found a transporter.
 14699 | Gauntlet | Found a transporter.
 14725 | Gauntlet | Noticed an entropy weaver
 14726 | Gauntlet | Found a transporter.
 14734 | Gauntlet | Found a transporter.
 14734 | Gauntlet | Found a transporter.
 14745 | Gauntlet | Found a transporter.
 14889 | Gauntlet | Killed a reaper
 15082 | Gauntlet | Identified the amulet of Zecoh {Acrobat rElec rC- Slay+2}
 15098 | Gauntlet | Killed a hell hog
 15113 | Gauntlet | Received a gift from Okawaru
 15230 | Gauntlet | Identified the ring "Senlatti" {rPois rCorr Str-4 Int+4}
 15372 | Gauntlet | Identified the +6 flail "Dragonslayer" {freeze, rF+ Str-5
                  | Dex+4}
 15372 | Gauntlet | Noticed a minotaur
 15378 | Gauntlet | Killed a minotaur
 15886 | Lair:2   | Reached skill level 10 in Fighting
 16008 | Lair:3   | Noticed a five-headed hydra
 16015 | Lair:3   | Killed a five-headed hydra
 16256 | Lair:3   | Noticed a five-headed hydra
 16264 | Lair:3   | Killed a five-headed hydra
 16265 | Lair:3   | Reached skill level 11 in Armour
 16433 | Lair:3   | Noticed a boulder beetle
 16454 | Lair:3   | Gained mutation: You have a pair of horns on your head.
                  | [demonic ancestry]
 16454 | Lair:3   | Reached XP level 13. HP: 44/103 MP: 10/20
 16850 | Lair:3   | Found a staircase to the Swamp.
 16857 | Lair:3   | Received a gift from Okawaru
 16858 | Lair:3   | Reached skill level 10 in Polearms
 17421 | Lair:3   | Reached skill level 10 in Invocations
 17432 | Lair:3   | Identified the staff of Due Proportion {^Drain +Blink rN+
                  | Int+3 Necro}
 17586 | Lair:3   | Received a gift from Okawaru
 17696 | Lair:3   | Noticed Gastronok
 17712 | Lair:3   | Killed Gastronok
 18069 | Lair:4   | Noticed Sonja
 18075 | Lair:4   | Killed Sonja
 18081 | Lair:4   | Noticed Sugi's ghost (journeyman MiFi)
 18423 | Lair:4   | Got the Octavo of Conjury
 18541 | Lair:4   | Found a runed translucent door.
 18543 | Lair:4   | Found a staircase to the Slime Pits.
 18544 | Lair:4   | Found a viscous altar of Jiyva.
 18580 | Lair:4   | Reached skill level 12 in Armour
 18766 | Lair:4   | Received a gift from Okawaru
 19112 | Lair:4   | Killed Sugi's ghost
 19381 | Lair:4   | Identified 2 scrolls of acquirement
 19382 | Lair:4   | Acquired the ring "Jaklecwu" {Fly EV+5 Int-2 Dex+2 Slay+2}
 19506 | Lair:5   | Entered Level 5 of the Lair of Beasts
 19990 | Lair:5   | Gained mutation: Spells you cast and wands you use may
                  | paralyse nearby enemies. [demonic ancestry]
 19990 | Lair:5   | Reached XP level 14. HP: 107/113 MP: 16/21
 20000 | Lair:5   | Received a gift from Okawaru
 20457 | Lair:5   | Reached skill level 13 in Armour
 20709 | Lair:5   | Received a gift from Okawaru
 22639 | D:11     | Found a large runed translucent door.
 22639 | D:11     | Found a large runed translucent door.
 22642 | D:11     | Noticed D0namaru's ghost (journeyman DsNe)
 22741 | D:11     | Killed D0namaru's ghost
 23026 | D:12     | Noticed Lodul
 23038 | D:12     | Killed Lodul
 23276 | D:12     | Received a gift from Okawaru
 23308 | D:12     | Noticed Frances
 23326 | D:12     | Killed Frances
 23338 | D:12     | Reached ****** piety under Okawaru
 23585 | D:12     | Acquired the +10 executioner's axe of Yeast {flame, Str+4
                  | Dex+2}
 23585 | D:12     | Received a gift from Okawaru
 23731 | D:12     | Acquired the +0 pair of gloves of Winter {+Blink rF+ rN+
                  | Stlth+}
 23731 | D:12     | Received a gift from Okawaru
 23796 | D:12     | Found a portal to a secret trove of treasure.
 24311 | Lair:4   | Fell from the grace of Okawaru
 24311 | Lair:4   | Became a worshipper of Jiyva Jouf the Shapeless
 24312 | Lair:4   | Acquired an amulet of faith
 24721 | D:13     | Reached skill level 14 in Armour
 24772 | D:13     | Reached skill level 1 in Evocations
 24819 | D:13     | Noticed Snorg
 24829 | D:13     | Killed Snorg
 25140 | D:13     | Reached * piety under Jiyva
 25297 | D:13     | Gained mutation: A meltable icy envelope protects you from
                  | harm. (AC +4) [demonic ancestry]
 25297 | D:13     | Reached XP level 15. HP: 103/121 MP: 22/22
 25527 | D:13     | Found a gate to the Vaults.
 25718 | D:13     | Reached ** piety under Jiyva
 26203 | D:14     | Reached skill level 10 in Axes
 26329 | D:14     | Found a bloodstained altar of Trog.
 26354 | D:14     | Reached *** piety under Jiyva
 26680 | D:14     | Gained mutation: Armour fits poorly on your pseudopods.
                  | [Jiyva's grace]
 26680 | D:14     | Gained mutation: Armour fits poorly on your large
                  | pseudopods. [Jiyva's grace]
 26680 | D:14     | Gained mutation: Armour fits poorly on your massive
                  | pseudopods. [Jiyva's grace]
 26680 | D:14     | Gained mutation: Your translucent skin slightly reduces
                  | your foes' accuracy. (Stealth+) [Jiyva's grace]
 26782 | D:14     | Noticed a titan
 26785 | D:14     | Killed a titan
 27165 | D:15     | Entered Level 15 of the Dungeon
 27193 | D:15     | Found a sacrificial altar of Ru.
 27196 | D:15     | Reached **** piety under Jiyva
 27310 | D:15     | Noticed Jorgrun
 27316 | D:15     | Killed Jorgrun
 27669 | D:15     | Found an iron altar of Okawaru.
 27701 | D:15     | Reached skill level 5 in Necromancy
 27728 | D:15     | Found a staircase to the Depths.
 27996 | Orc:1    | Entered Level 1 of the Orcish Mines
 27996 | Orc:1    | Reached ***** piety under Jiyva
 28442 | Orc:2    | Entered Level 2 of the Orcish Mines
 28464 | Orc:2    | Found a staircase to the Elven Halls.
 28515 | Orc:2    | Noticed Urug
 28523 | Orc:2    | Killed Urug
 28694 | Orc:2    | Gained mutation: You have sharp toenails. [Jiyva's grace]
 28694 | Orc:2    | Gained mutation: You have razor-sharp toenails. [Jiyva's
                  | grace]
 28694 | Orc:2    | Gained mutation: You have claws for feet. [Jiyva's grace]
 28694 | Orc:2    | Gained mutation: Your mind is acute. (Int +4, Str/Dex -1)
                  | [Jiyva's grace]
 28710 | Orc:2    | Killed from afar by an orc priest

Illustrated notes

Levels and vault maps discovered:
D:1:      ncdulo_lavacross, layout_basic
D:2:      layout_loops_ring, basic_ecumenical_altar
D:3:      layout_loops_ring, serial_shops, nicolae_shop_waterfront,
          nicolae_shop_stone, nicolae_square_shop, shop
D:4:      layout_loops_ring, uniq_grinder
D:5:      layout_loops_ring, yredelemnul_altar_generic, minitemple,
          minmay_temple_entry_grid, gup_sewer_entry_bowl
D:6:      layout_rooms, nicolae_gozag_cash_rules_everything_around_me,
          kennysheep_generic_room_12, uniq_edmund, uniq_pikel
D:7:      layout_cave_pods, mainiacjoe_overflow_alcove_1,
          lemuel_mausoleum_altar_kikubaaqudgha, nicolae_tso_carved_into_rock,
          lemuel_tele_altar, minmay_between, uniq_duvessa
D:8:      layout_loops_corners, uniq_grum
D:9:      layout_stronghold, nicolae_uskayaw_en_pointe, david_lair_generic,
          orc_david_3, uniq_harold, uniq_joseph
D:10:     layout_gridville, general_overflow_altar, old_standard_altar
D:11:     layout_loops_corners, ebering_ghost_disaster_area
D:12:     cheibrodos_fzero, layout_rooms, enter_trove_6, uniq_frances,
          uniq_lodul
D:13:     layout_basic, skrybe_vaults_entry_preservation, st_stairs_11,
          uniq_snorg
D:14:     layout_layer_cave, trog_three_pillars_becter
D:15:     grunt_enter_depths_hoard, layout_small_grid, okawaru_gym_becter,
          nicolae_ru_sacrificial_ziggurat, uniq_jorgrun
Temple:   hellmonk_temple_divided_pantheon
Lair:1:   cheibrodos_lair_river_kwai, layout_gridlike, st_stairs_4
Lair:2:   layout_loops_ring, minmay_snake_entry_six_corridors,
          gauntlet_entry_generic, st_stairs_4
Lair:3:   layout_cellular_growth, skrybe_swamp_entry_bodies,
          minmay_shattered_shrine, uniq_gastronok
Lair:4:   layout_big_grid, slime_entry_1, hellmonk_ghost_happy_afterlife,
          cheibrodos_lair_reptile_den, uniq_sonja
Lair:5:   evilmike_catoblepas_cave, layout_hall_layers, serial_bayou_crossing,
          grunt_megastairs_3, serial_bayou_shore_a, serial_bayou_shore_b,
          lemuel_fruit_tree
Orc:1:    layout_diamond_mine, nicolae_orc_hostile_takeover
Orc:2:    grunt_orc_tribal_feast, layout_caves, uniq_urug

Skill      XL: |  1  2  3  4  5  6  7  8  9 10 11 12 13 14 15 |
---------------+----------------------------------------------+-----
Axes           | 2 3 4 5 7 8 9 10 | 10.7
Armour         | 3 4 5 6 7 9 11 12 14 | 14.8
Fighting       | 4 5 6 7 8 9 10 11 12 | 12.7
Necromancy     | 1 2 3 5 |  5.4
Invocations    | 2 5 7 9 10 | 10.0
Polearms       | 2 5 8 9 11 13 | 13.0
Evocations     | 1 3 |  3.0
Shields        | |  2.6

Action                     |  1- 3 |  4- 6 |  7- 9 | 10-12 | 13-15 || total
---------------------------+-------+-------+-------+-------+-------++-------
  Melee: War axe           |   140 |   103 |   197 |       |       ||   440
         Headbutt          |       |     4 |    67 |   142 |   212 ||   425
         Halberd           |       |       |   248 |    94 |       ||   342
         Glaive            |       |       |       |   590 |   564 ||  1154
         Dire flail        |       |       |       |    22 |    16 ||    38
         Executioner's axe |       |       |       |       |   234 ||   234
         Pseudopods        |       |       |       |       |    23 ||    23
         Kick              |       |       |       |       |     1 ||     1
  Throw: Javelin           |       |       |       |     1 |     1 ||     2
 Invoke: Heroism           |       |       |       |    10 |     5 ||    15
         Receive Weapon    |       |       |       |       |     1 ||     1
         Receive Armour    |       |       |       |       |     1 ||     1
         Oozemancy         |       |       |       |       |     1 ||     1
Ability: Evoke Blink       |       |       |       |       |     1 ||     1
  Evoke: Wand              |       |       |       |       |     4 ||     4
    Use: Scroll            |     3 |       |     9 |     8 |     9 ||    29
         Potion            |     1 |       |     4 |    14 |     4 ||    23
   Stab: Petrified         |       |       |       |       |    13 ||    13
         Distracted        |       |       |       |       |     1 ||     1
 Armour: Scale mail        |   139 |    75 |   468 |   121 |       ||   803
         Plate armour      |       |       |       |   946 |   961 ||  1907
  Dodge: Dodged            |    53 |    40 |   204 |   385 |   438 ||  1120
         Repelled          |       |     1 |    14 |     4 |       ||    19
  Block: Buckler           |    32 |    15 |    38 |       |       ||    85
         Other             |       |       |       |    95 |   132 ||   227

Table legend: (Time is in decaauts)
 A = Elapsed time spent in this place.
 B = Non-inter-level travel time spent in this place.
 C = Inter-level travel time spent in this place.
 D = Time resting spent in this place.
 E = Time spent auto-exploring this place.
 F = Levels seen in this place.
 G = Mean time per level.
                   A        B        C        D        E       F      G
               +--------+--------+--------+--------+--------+-----+--------+
         Total |  29260 |  27128 |   2132 |   4927 |  17139 |  25 | 1170.4 |
       Dungeon |  17590 |  16263 |   1327 |   2241 |  11089 |  15 | 1172.7 |
        Temple |     39 |     39 |      0 |      0 |      0 |   1 |   39.0 |
          Lair |   8730 |   7970 |    760 |   1973 |   4584 |   5 | 1746.0 |
  Orcish Mines |    730 |    686 |     44 |      0 |    496 |   2 |  365.0 |
         Sewer |   1046 |   1046 |      0 |     81 |    684 |   1 | 1046.0 |
      Gauntlet |   1123 |   1123 |      0 |    631 |    286 |   1 | 1123.0 |
               +--------+--------+--------+--------+--------+-----+--------+

Top non-repeatable levels by time:
  Lair:3: 2318 daAuts
  Lair:5: 2030 daAuts
  Lair:1: 1952 daAuts
     D:7: 1943 daAuts
     D:9: 1624 daAuts
    D:12: 1411 daAuts
  Lair:4: 1365 daAuts
    D:13: 1314 daAuts
     D:8: 1267 daAuts
     D:5: 1252 daAuts
    D:10: 1218 daAuts
     D:4: 1168 daAuts
    D:11: 1135 daAuts
Gauntlet: 1123 daAuts
    D:14: 1080 daAuts
